 Dungeon Crawl Stone Soup version 0.23.1 (webtiles) character file.

Game seed: 17798174916683349880

59 poirepourri the Sneak (level 3, -8/16 HPs)
             Began as a Spriggan Enchanter on Mar 6, 2019.
             Killed by nerve-wracking pain
             ... invoked by Jessica
              (14 damage)
             ... on level 2 of the Dungeon.
             The game lasted 00:02:53 (2031 turns).

poirepourri the Sneak (Spriggan Enchanter)          Turns: 2031, Time: 00:02:53

Health: -8/16      AC:  2    Str:  4    XL:     3   Next: 78%
Magic:  2/8        EV: 18    Int: 16    God:
Gold:   57         SH:  0    Dex: 19    Spells: 0/7 levels left

rFire    . . .     SeeInvis +   a - +2 dagger
rCold    . . .     Gourm    .   (shield restricted)
rNeg     . . .     Faith    .   b - +0 robe
rPois    .         Spirit   .   (helmet restricted)
rElec    .         Reflect  .   (no cloak)
rCorr    .         Harm     .   (gloves unavailable)
MR       .....     Rnd*Rage +   (boots unavailable)
Stlth    ++++......             (no amulet)
HPRegen  0.05/turn              (no ring)
MPRegen  0.11/turn              (no ring)

@: very quick
A: very small, unfitting armour, see invisible, agile 1, berserk 1, herbivore,
speed 3, high mp 1, slow metabolism 2, wild magic 1
a: no special abilities


You were on level 2 of the Dungeon.
You were not hungry.

You visited 1 branch of the dungeon, and saw 2 of its levels.

You collected 57 gold pieces.

Inventory:

Hand Weapons
 a - a +2 dagger (weapon)
Armour
 b - a +0 robe (worn)
Comestibles
 d - 3 rations


   Skills:
 - Level 1.1 Short Blades
 - Level 3.0 Dodging
 + Level 7.4 Stealth
 - Level 2.6 Spellcasting
 - Level 3.6 Hexes


You couldn't memorise any spells.
You knew the following spells:

 Your Spells              Type           Power        Failure   Level  Hunger
a - Corona                Hex            ###....      7%          1    #......
b - Confuse               Hex            ###.....     19%         3    ###....
c - Tukima's Dance        Hex            ###.....     19%         3    ###....

Your spell library contained the following spells:

 Spells                   Type           Power        Failure   Level  Hunger
 Ensorcelled Hibernation  Hex/Ice        ##....       21%         2    ##.....
 Dazzling Spray           Conj/Hex       ##....       36%         3    ###....


Dungeon Overview and Level Annotations

Branches:
Dungeon (2/15)

Altars:

Annotations:
D:2 Jessica


Innate Abilities, Weirdness & Mutations

You are very small and have problems with some larger weapons.
You are too small for most types of armour.
You have supernaturally acute eyesight. (SInv)
You are a herbivore.
You cover ground extremely quickly.
You need to consume almost no food.
You are agile. (Dex +2)
You tend to lose your temper in combat.
You have an increased reservoir of magic. (+10% MP)
Your spells are a little harder to cast, but a little more powerful.


Message History

Confirm with . or Enter, or press ? or * to list all spells.
Okay, then.
Casting: Confuse (safe; 19% risk of failure)
Confirm with . or Enter, or press ? or * to list all spells.
Aiming: Confuse (safe; 19% risk of failure)
Press: ? - help, Shift-Dir - straight line, f - Jessica
Aim: Jessica, wielding a +0 dagger and wearing a +0 robe (heavily wounded, chance to defeat MR: 56%) Jessica resists with significant effort.
Casting: Confuse (safe; 19% risk of failure)
Confirm with . or Enter, or press ? or * to list all spells.
Aiming: Confuse (safe; 19% risk of failure)
Press: ? - help, Shift-Dir - straight line, f/p - Jessica
Aim: Jessica, wielding a +0 dagger and wearing a +0 robe (heavily wounded, chance to defeat MR: 56%) Jessica resists with significant effort.
Jessica gestures wildly while chanting.
Jessica blinks!
Jessica gestures at you while chanting. Pain shoots through your body!
Ouch! That really hurt!
You die...

#.S#.#.###..#
#...........######### #
#..#.#.###.?..#.....##
#####..#.....#...........##
.......###.#.#......<.....#
##.###...#.#..............#
##.###.###.###.......!....#
.....#.....................
#.##............@..))......
...........................
#.######.......[..#.......#
...## #...@....###.####.##
....# #......#.# #.# #
....#####.....#.###.# #
........#.##.##..##.# #.#
........#.##.###.##.# ..##
...........#.# #....###...#


You could see Jessica.

Vanquished Creatures
  An adder (D:2)
  2 oozes
  4 dart slugs (D:1)
  A leopard gecko (D:1)
  5 goblins
  3 hobgoblins
  5 jackals
  3 bats
  A frilled lizard (D:2)
  5 kobolds
  2 rats (D:1)
32 creatures vanquished.

Notes
Turn   | Place    | Note
-------+----------+-------------------------------------------
     0 | D:1      | poirepourri the Spriggan Enchanter began the quest for the
                  | Orb.
     0 | D:1      | Reached XP level 1. HP: 9/9 MP: 5/5
    57 | D:1      | Reached skill level 5 in Stealth
    64 | D:1      | Reached XP level 2. HP: 12/13 MP: 6/6
   553 | D:1      | Reached skill level 6 in Stealth
  1016 | D:1      | Reached XP level 3. HP: 16/16 MP: 8/8
  1021 | D:1      | Learned a level 3 spell: Confuse
  1025 | D:1      | Learned a level 3 spell: Tukima's Dance
  1624 | D:2      | Reached skill level 7 in Stealth
  1670 | D:2      | Gained mutation: Your spells are a little harder to cast,
                  | but a little more powerful. [potion of mutation]
  1670 | D:2      | Gained mutation: You have an increased reservoir of magic.
                  | (+10% MP) [potion of mutation]
  1670 | D:2      | Gained mutation: You tend to lose your temper in combat.
                  | [potion of mutation]
  1670 | D:2      | Gained mutation: You are agile. (Dex +2) [potion of
                  | mutation]
  2010 | D:2      | Noticed Jessica
  2031 | D:2      | Killed from afar by Jessica

Skill      XL: |  1  2  3 |
---------------+----------+-----
Stealth        | 5 6 7 |  7.4
Short Blades   | |  1.1
Dodging        | |  3.0
Spellcasting   | |  2.6
Hexes          | |  3.6

Action                   || total
-------------------------++-------
Melee: Dagger            ||   121
 Cast: Confuse           ||     3
       Corona            ||     1
  Use: Scroll            ||     3
       Potion            ||     2
 Stab: Sleeping          ||    13
Armor: Robe              ||    15
Dodge: Dodged            ||   138
